 Dungeon Crawl Stone Soup version 0.18-a0-1628-g61c6396 (webtiles) character file.

147 Geeful the Insei (level 5, -1/33 HPs)
             Began as an Octopode Transmuter on Mar 25, 2016.
             Was an Initiate of Dithmenos.
             Slain by Snazznasty's ghost (8 damage)
             ... on level 3 of the Dungeon.
             The game lasted 00:06:23 (1958 turns).

Geeful the Insei (Octopode Transmuter)              Turns: 1958, Time: 00:06:24

Health: -1/33      AC:  1    Str:  9    XL:     5   Next: 29%
Magic:  9/9        EV: 12    Int: 16    God:    Dithmenos [......]
Gold:   140        SH:  0    Dex: 13    Spells: 3 memorised, 4 levels left

rFire  . . .     SeeInvis .       - Unarmed
rCold  . . .     Gourm    .     (no shield)
rNeg   . . .     Faith    .     (helmet restricted)
rPois  .         Spirit   .     (no amulet)
rElec  .         Dismiss  .     (no ring)
rCorr  .         Reflect  .     (no ring)
SustAt .         Harm     .     (no ring)
MR     .....                    (no ring)
Stlth  ++........               (no ring)
                                (no ring)
                                (no ring)
                                (no ring)

@: confused, drained, not resistant to hostile enchantments, unstealthy
A: almost no armour, amphibious, 8 rings, constrict 8, camouflage 1, gelatinous
body 1
a: Renounce Religion


You were on level 3 of the Dungeon.
You worshipped Dithmenos.
Dithmenos was noncommittal.
You were hungry.

You visited 1 branch of the dungeon, and saw 3 of its levels.

You collected 140 gold pieces.

Inventory:

Missiles
 a - 8 arrows
 i - 2 javelins of penetration
 l - 7 javelins (quivered)
 m - 8 poisoned needles
Scrolls
 k - a scroll of teleportation {unknown}
 n - a scroll of blinking
 o - a scroll of identify {unknown}
Potions
 d - 2 potions of flight
 e - a potion of ambrosia
 g - a potion of degeneration {unknown}
 p - a potion of agility {unknown}
Books
 b - a book of Changes

   Spells                             Type                      Level
   a - Beastly Appendage              Transmutation                1
   b - Sticks to Snakes               Transmutation                2
   c - Spider Form                    Transmutation/Poison         3
   d - Ice Form                       Ice/Transmutation            4
   e - Blade Hands                    Transmutation                5
Comestibles
 c - 3 bread rations
 f - 2 slices of pizza
 h - a meat ration
 j - a chunk of flesh


   Skills:
 - Level 1.0(0.7) Fighting
 - Level 2.0(1.7) Dodging
 + Level 4.2(3.9) Unarmed Combat
 + Level 3.0(2.7) Spellcasting
 + Level 3.5(3.2) Transmutations


You had 4 spell levels left.
You knew the following spells:

 Your Spells              Type           Power        Failure   Level  Hunger
a - Beastly Appendage     Trmt           ##....       8%          1    #......
b - Sticks to Snakes      Trmt           ##......     10%         2    ##.....
c - Spider Form           Trmt/Pois      #.........   34%         3    ###....


Dungeon Overview and Level Annotations

Branches:
Dungeon (3/15)

Altars:
Dithmenos

Annotations:
D:3 Snazznasty's ghost, amateur DsCK


Innate Abilities, Weirdness & Mutations

You cannot wear most types of armour.
You are amphibious.
You can wear up to eight rings at the same time.
You can use your tentacles to constrict eight enemies at once.
Your skin changes colour to match your surroundings (Stealth).
Your rubbery body absorbs attacks (AC +1).


Message History

Snazznasty's ghost hits you.
You hit Snazznasty's ghost.
Snazznasty's ghost is lightly damaged.
Snazznasty's ghost barely misses you.
You hit Snazznasty's ghost.
Snazznasty's ghost is moderately damaged.
Your transformation has ended.
Snazznasty's ghost hits you.
You are electrocuted!
* * * LOW HITPOINT WARNING * * *
You closely miss Snazznasty's ghost. Your squeeze misses Snazznasty's ghost.
Snazznasty's ghost is moderately damaged.
Snazznasty's ghost hits you.
* * * LOW HITPOINT WARNING * * *
You feel drained.
* * * LOW HITPOINT WARNING * * *
Drink which item? (? for menu, Esc to quit)
It was a potion of ambrosia.
You are confused.
You feel invigorated. Snazznasty's ghost hits you!
You die...

#[#...... ####
#....o<.o # ##...
... ....W.....
#.###...###.#
##........
###r...........
...#......
#..g......###.# #.
##..... #.......# .
.....# #.#####.# .#
####### #..)@W..#..#
.. #..####)#..##.#
.#####..####.#.....#
...................#
#######.####.##.##.#
#.# #.# #.##.# .#
#.# #.# #....##.#
#.# #.# #.......#
#.# #.# #...##)##


You could see Snazznasty's ghost.

Vanquished Creatures
  Crazy Yiuf (D:2)
  Ijyb (D:3)
  3 adders (D:2)
  5 dart slugs
  3 giant geckos
  2 orcs (D:3)
  A ball python (D:3)
  9 bats
  3 giant cockroaches
  2 goblins (D:1)
  3 hobgoblins
  8 jackals
  6 kobolds
  4 giant newts
  4 rats
55 creatures vanquished.

Notes
Turn   | Place    | Note
--------------------------------------------------------------
     0 | D:1      | Geeful the Octopode Transmuter began the quest for the Orb.
     0 | D:1      | Reached XP level 1. HP: 13/13 MP: 3/3
   206 | D:1      | Reached XP level 2. HP: 15/18 MP: 3/5
   795 | D:2      | Reached XP level 3. HP: 21/23 MP: 4/6
   887 | D:2      | Learned a level 2 spell: Sticks to Snakes
  1135 | D:2      | Reached XP level 4. HP: 18/28 MP: 7/7
  1432 | D:2      | Learned a level 3 spell: Spider Form
  1434 | D:2      | Noticed Crazy Yiuf
  1441 | D:2      | Killed Crazy Yiuf
  1441 | D:2      | Reached skill level 4 in Unarmed Combat
  1791 | D:2      | Found a shadowy altar of Dithmenos.
  1800 | D:2      | Became a worshipper of Dithmenos the Shadowed
  1817 | D:3      | Noticed Snazznasty's ghost (amateur DsCK)
  1896 | D:3      | Reached XP level 5. HP: 33/33 MP: 9/9
  1940 | D:3      | Noticed Ijyb
  1951 | D:3      | Killed Ijyb
  1957 | D:3      | HP: 1/33 [Snazznasty's ghost (2)]
  1958 | D:3      | Slain by Snazznasty's ghost

Vault maps used:
D:1:      scummos_arrival_checkerplants
D:2:      first_bread, kennysheep_cross_room, grunt_dithmenos_smoke,
          uniq_crazy_yiuf_cottage
D:3:      xom_redecorated, uniq_iyjb

Skill      XL: |  1  2  3  4  5 |
---------------+----------------+-----
Transmutations | 3 |  3.5
Unarmed Combat | 4 |  4.2
Spellcasting   | 3 |  3.0
Fighting       | |  1.0
Dodging        | |  2.0

Action                   |  1- 3 |  4- 6 || total
-------------------------+-------+-------++-------
Melee: Unarmed           |    74 |    51 ||   125
 Cast: Beastly Appendage |    11 |     7 ||    18
       Sticks to Snakes  |     2 |     2 ||     4
       Spider Form       |       |     2 ||     2
  Use: Scroll            |     5 |       ||     5
       Potion            |     3 |     1 ||     4
 Stab: Sleeping          |     6 |     2 ||     8
  Eat: Chunk             |     1 |     3 ||     4
